 Dungeon Crawl Stone Soup version 0.30-a0-377-g5cb311bc9f (webtiles) character file.

Game seed: 6245752794387168050

1573 KennySheep the Skirmisher (level 8, -5/60 HPs)
             Began as a Demigod Hunter on Nov 29, 2022.
             Killed from afar by an electric eel (9 damage)
             ... with a bolt of electricity
             ... on level 6 of the Dungeon.
             The game lasted 00:13:55 (4665 turns).

KennySheep the Skirmisher (Demigod Hunter)          Turns: 4665, Time: 00:13:56

Health: -5/60      AC:  5    Str: 12    XL:     8   Next: 33%
Magic:  0/10       EV: 17    Int: 11    God:
Gold:   198        SH:  0    Dex: 25    Spells: 7/7 levels left

rFire   . . .      SeeInvis .    a - +1 shortbow (flame)
rCold   . . .      Faith    .    (shield currently unavailable)
rNeg    + . .      Spirit   +    h - +2 robe {rN+}
rPois   .          Reflect  .    (no helmet)
rElec   .          Harm     .    (no cloak)
rCorr   .          Rampage  .    (no gloves)
Will    .....                    w - +0 pair of boots
Stlth   ++........               n - amulet of guardian spirit
HPRegen 0.30/turn                (no ring)
MPRegen 0.12/turn                (no ring)

@: no status effects
A: high MP 1, forlorn, divine attributes
a: no special abilities


You were on level 6 of the Dungeon.
You visited 1 branch of the dungeon, and saw 6 of its levels.

You collected 198 gold pieces.

Inventory:

Hand Weapons
 a - a +1 shortbow of flaming (weapon)
 b - a +1 dagger of venom
Armour
 h - a +2 robe of positive energy (worn)
 w - a +0 pair of boots (worn)
Magical Staves
 x - a staff of cold
Jewellery
 e - a ring of wizardry
 n - an amulet of guardian spirit (around neck)
 r - a ring of wizardry
 v - a ring of willpower
 A - a ring of fire
 D - a ring of fire
Wands
 l - a wand of roots (9)
 o - a wand of flame (21)
 p - a wand of acid (5)
Scrolls
 d - 3 scrolls of immolation
 g - a scroll of vulnerability
 t - a scroll of magic mapping
 y - a scroll of enchant armour
Potions
 j - a potion of attraction
 k - a potion of invisibility {unknown}
 u - 2 potions of magic
 z - 2 potions of might
 B - a potion of flight


   Skills:
 - Level 1.7 Fighting
 * Level 9.0 Ranged Weapons
 + Level 5.9 Dodging
 - Level 0.8 Stealth


You had 7 spell levels left.
You didn't know any spells.
Your spell library contained the following spells:

 Spells                   Type           Power      Damage    Failure   Level
 Magic Dart               Conj           0%         1d3       34%         1
 Searing Ray              Conj           0%         2d4       47%         2
 Gell's Gravitas          Tloc           0%         N/A       71%         3
 Teleport Other           Tloc           0%         N/A       71%         3
 Vhi's Electric Charge    Tloc/Air       0%         N/A       71%         3
 Fulminant Prism          Conj/Hex       0%         3d5       98%         4
 Summon Ice Beast         Ice/Summ       0%         N/A       98%         4
 Arcjolt                  Conj/Air       0%         1d10      100%        5
 Summon Mana Viper        Hex/Summ       0%         N/A       100%        5
 Dispersal                Tloc           0%         N/A       100%        6
 Monstrous Menagerie      Summ           0%         N/A       100%        7
 Maxwell's Capacitive Co  Air            0%         ∞         100%        8


Dungeon Overview and Level Annotations

Branches:
Dungeon (6/15)             Temple (0/1) D:4

Annotations:
D:3 3 runed translucent doors, NinjaNoafa's ghost, amateur SpHu


Innate Abilities, Weirdness & Mutations

You have an increased reservoir of magic. (+10% MP)
You shall have no god before yourself.
Your divine heritage dramatically boosts your attributes as you level up.


Message History

The orc warrior attacks as you move away!
The orc warrior barely misses you.
You feel better. The orc warrior barely misses you.
You feel better. The orc warrior misses you.
You shoot an arrow.
The arrow closely misses the orc warrior.
The orc warrior closely misses you.
You shoot an arrow. The arrow hits the orc warrior!
The arrow burns the orc warrior.
The orc warrior is heavily wounded.
The orc warrior hits you with a +0 hand axe!
* * * LOW HITPOINT WARNING * * *
You shoot an arrow.
The arrow closely misses the orc warrior.
The orc warrior hits you with a +0 hand axe.
* * * LOW HITPOINT WARNING * * *
Okay, then.
Okay, then.
You shoot an arrow. The arrow hits the orc warrior.
The arrow burns the orc warrior.
The orc warrior is almost dead.
The orc warrior completely misses you.
You shoot an arrow. The arrow hits the orc warrior.
The arrow burns the orc warrior.
The orc warrior is almost dead.
The orc warrior misses you.
You shoot an arrow.
The arrow barely misses the orc warrior.
The orc warrior hits you with a +0 hand axe.
* * * LOW HITPOINT WARNING * * *
You shoot an arrow.
The arrow closely misses the orc warrior.
The orc warrior closely misses you.
You shoot an arrow. The arrow hits the orc warrior!
The arrow burns the orc warrior.
You kill the orc warrior!
Your Ranged Weapons skill increases to level 9!
The electric eel shoots out a bolt of lightning at you!
The bolt of electricity hits you!
You die...

~~~~~~..~~~~♣♣......... ..
~~~~~....~~~♣♣.......##...
~P~~~~...~~~♣♣......... ..
♣~~S...~P~♣........## .
#♣~...~~♣~...[.....#
#.♣♣.)~♣♣..........####
###....)P♣............[.#
.......)~~.......(...##.##
####.....@......P.PP~.....
##.....#....P~~~P~..##.
#######...PP~~~~~P....
##.PP~P♣♣♣~P.... #.P.P~♣
♣♣~~... #..P~♣♣ ♣~~....
##..P♣♣♣♣~~P..#
#..~~~♣~~~~P##
#..~P~~~~.#.##


You could see an electric eel.

Vanquished Creatures
  Sigmund (D:4)
  Duvessa (D:6)
  An orc warrior (D:6)
  A centaur (D:5)
  An ogre (D:5)
  A bullfrog (D:6)
  A necrophage (D:5)
  A scorpion (D:5)
  Dowan (D:6)
  An electric eel (D:6)
  2 jellies
  6 hounds
  2 orc priests
  5 iguanas (D:5)
  3 orc wizards
  Natasha (thrice) (D:4)
  8 adders
  4 gnolls (D:3)
  A shadow imp (D:6)
  An ufetubus (D:5)
  A worm (D:5)
  2 dart slugs
  11 orcs
  A ball python (D:2)
  5 bats
  4 endoplasms
  5 giant cockroaches
  11 goblins
  3 hobgoblins
  3 jackals (D:4)
  2 quokkas
  7 kobolds
  2 rats (D:3)
102 creatures vanquished.

Vanquished Creatures (others)
  3 plants (D:6)
3 creatures vanquished.

Grand Total: 105 creatures vanquished

Notes
Turn   | Place    | Note
-------+----------+-------------------------------------------
     0 | D:1      | KennySheep the Demigod Hunter began the quest for the Orb.
     0 | D:1      | Reached XP level 1. HP: 17/17 MP: 3/3
   733 | D:1      | Reached skill level 4 in Ranged Weapons
   733 | D:1      | Reached XP level 2. HP: 2/24 MP: 4/4
   733 | D:1      | HP: 1/24 [poisoned by an adder]
   942 | D:2      | Reached XP level 3. HP: 24/29 MP: 5/5
  1615 | D:3      | Reached XP level 4. HP: 25/36 MP: 6/6
  1671 | D:3      | Found a runed translucent gate.
  1673 | D:3      | Found a runed translucent gate.
  1677 | D:3      | Reached skill level 5 in Ranged Weapons
  1679 | D:3      | Found a runed translucent gate.
  1856 | D:3      | Reached XP level 5. HP: 31/41 MP: 7/7
  2046 | D:3      | Noticed NinjaNoafa's ghost (amateur SpHu)
  2046 | D:3      | Noticed an ice beast
  2067 | D:4      | Noticed Sigmund
  2072 | D:4      | Killed Sigmund
  2073 | D:4      | Reached skill level 6 in Ranged Weapons
  2073 | D:4      | Reached XP level 6. HP: 46/48 MP: 8/8
  2144 | D:4      | Found a staircase to the Ecumenical Temple.
  2145 | D:4      | Identified the +5 scale mail of Omission {Contam Rampage
                  | rF++ rCorr}
  2301 | D:4      | Noticed a +0 dagger
  2303 | D:4      | Noticed a +0 hand axe
  2328 | D:4      | Noticed Natasha
  2331 | D:4      | Killed Natasha
  2413 | D:4      | Noticed Natasha
  2421 | D:4      | Killed Natasha
  2640 | D:4      | Noticed Natasha
  2642 | D:4      | Killed Natasha
  2901 | D:5      | Entered Level 5 of the Dungeon
  3046 | D:5      | Reached XP level 7. HP: 29/53 MP: 6/9
  3062 | D:5      | Reached skill level 7 in Ranged Weapons
  3453 | D:5      | Reached skill level 5 in Dodging
  3678 | D:5      | Reached skill level 8 in Ranged Weapons
  4095 | D:6      | Noticed Dowan
  4096 | D:6      | Noticed Duvessa
  4110 | D:6      | Killed Dowan
  4111 | D:6      | Reached XP level 8. HP: 59/60 MP: 10/10
  4127 | D:6      | Killed Duvessa
  4650 | D:6      | HP: 2/60 [electric eel/bolt of electricity (14)]
  4662 | D:6      | HP: 3/60 [orc warrior/+0 hand axe (3)]
  4665 | D:6      | Reached skill level 9 in Ranged Weapons
  4665 | D:6      | Killed from afar by an electric eel

Illustrated notes

Levels and vault maps discovered:
D:1:      ncdulo_smallfort, layout_basic
D:2:      layout_loops_cross
D:3:      layout_basic, ebering_ghost_gozag, st_stairs_10
D:4:      layout_basic, dancing_weapons_uskayaw, minmay_temple_entry_large_hall,
          minmay_misc_feat_ornament, nicolae_zen_rock_garden, uniq_natasha,
          uniq_sigmund
D:5:      minmay_angry_zag, layout_basic, kennysheep_mini_moat, enter_ossuary_2
D:6:      layout_rooms, serial_bayou, serial_bayou_shore_b,
          serial_bayou_shore_b, serial_bayou_pond_c, serial_bayou_ford_a,
          minmay_tree_intersection, uniq_duvessa

Skill      XL: |  1  2  3  4  5  6  7  8 |
---------------+-------------------------+-----
Dodging        | 2 3 4 5 |  5.9
Ranged Weapons | 4 5 6 8 9 |  9.0
Fighting       | |  1.7
Stealth        | |  0.8

Action                   |  1- 3 |  4- 6 |  7- 9 || total
-------------------------+-------+-------+-------++-------
Melee: Dagger            |       |       |     6 ||     6
 Fire: Shortbow          |    73 |   125 |   154 ||   352
  Use: Potion            |     2 |     4 |     4 ||    10
       Scroll            |       |     7 |     5 ||    12
Armor: Leather armour    |     7 |     9 |     5 ||    21
       Skin              |       |       |     9 ||     9
       Robe              |       |       |     4 ||     4
Dodge: Dodged            |    37 |    42 |    66 ||   145

Table legend: (Time is in decaauts)
 A = Elapsed time spent in this place.
 B = Non-inter-level travel time spent in this place.
 C = Inter-level travel time spent in this place.
 D = Time resting spent in this place.
 E = Time spent auto-exploring this place.
 F = Levels seen in this place.
 G = Mean time per level.
                   A        B        C        D        E       F      G
               +--------+--------+--------+--------+--------+-----+--------+
         Total |   4699 |   4452 |    247 |    361 |   3218 |   6 |  783.2 |
       Dungeon |   4699 |   4452 |    247 |    361 |   3218 |   6 |  783.2 |
               +--------+--------+--------+--------+--------+-----+--------+

Top non-repeatable levels by time:
     D:5: 1077 daAuts
     D:1: 869 daAuts
     D:4: 847 daAuts
     D:6: 679 daAuts
     D:2: 671 daAuts
     D:3: 554 daAuts
